TOP OF THE 1ST |
San Jose Missions batting - Pitching for Gresham Gold Souls : RHP José González
|
Pitching: RHP José González
|
|
Batting: RHB Glenn Johnson
|
0-0: Called Strike 0-1: Swinging Strike 0-2: Strikes out looking
|
Batting: RHB Jorge Díaz
|
0-0: Fly out, F9 (Flyball, 9D)
|
Batting: RHB Dale Taylor
|
0-0: Fly out, F6 (Line Drive, 6)
|
Top of the 1st over - 0 run(s), 0 hit(s), 0 error(s), 0 left on base; San Jose 0 - Gresham 0 |
BOTTOM OF THE 1ST |
Gresham Gold Souls batting - Pitching for San Jose Missions : RHP Mike Clay
|
Pitching: RHP Mike Clay
|
|
Batting: RHB Elpidio Martinho
|
0-0: Ball 1-0: Ball 2-0: Foul Ball, location: 2F 2-1: Ground out 5-3 (Groundball, 5)
|
Batting: LHB Bill Smith
|
0-0: Ball 1-0: Foul Ball, location: 2F 1-1: Swinging Strike 1-2: Ball 2-2: Ball 3-2: Fly out, F8 (Flyball, 8RS)
|
Batting: RHB Mario Méndez
|
0-0: Ball 1-0: Ground out 6-3 (Groundball, 6)
|
Bottom of the 1st over - 0 run(s), 0 hit(s), 0 error(s), 0 left on base; San Jose 0 - Gresham 0 |
TOP OF THE 2ND |
San Jose Missions batting - Pitching for Gresham Gold Souls : RHP José González
|
Batting: RHB Naomichi Aoki
|
0-0: Ball 1-0: Ground out 1-3 (Groundball, P)
|
Batting: LHB Miguel Montés
|
0-0: Ground out 6-3 (Groundball, 6)
|
Batting: RHB Ed Starr
|
0-0: Swinging Strike 0-1: Called Strike 0-2: Ball 1-2: Strikes out looking
|
Top of the 2nd over - 0 run(s), 0 hit(s), 0 error(s), 0 left on base; San Jose 0 - Gresham 0 |
BOTTOM OF THE 2ND |
Gresham Gold Souls batting - Pitching for San Jose Missions : RHP Mike Clay
|
Batting: LHB Ezechiele Bruno
|
0-0: Called Strike 0-1: Ball 1-1: Ball 2-1: Foul Ball, location: 2F 2-2: Ball 3-2: Base on Balls
|
Batting: RHB Pablo Castillo
|
0-0: Ball 1-0: Called Strike 1-1: Grounds into double play, 6-4-3 (Groundball, 56)
|
Batting: LHB Millard Dye
|
0-0: Ball 1-0: Swinging Strike 1-1: Foul Ball, location: 2F 1-2: Foul Ball, location: 2F 1-2: SINGLE (Groundball, 3D)
|
Batting: RHB Willie Houk
|
0-0: Fielders Choice at 2nd, 6-4 (Groundball, 6)
|
Bottom of the 2nd over - 0 run(s), 1 hit(s), 0 error(s), 0 left on base; San Jose 0 - Gresham 0 |
TOP OF THE 3RD |
San Jose Missions batting - Pitching for Gresham Gold Souls : RHP José González
|
Batting: RHB Irwin Duncan
|
0-0: Ball 1-0: Ball 2-0: Called Strike 2-1: Ground out 4-3 (Groundball, 4M)
|
Batting: RHB José Sánchez
|
0-0: Called Strike 0-1: Foul Ball, location: 2F 0-2: Ball 1-2: Strikes out swinging
|
Batting: RHB Miguel Mendoza
|
0-0: Ball 1-0: Ball 2-0: Fly out, F8 (Flyball, 8RS)
|
Top of the 3rd over - 0 run(s), 0 hit(s), 0 error(s), 0 left on base; San Jose 0 - Gresham 0 |
BOTTOM OF THE 3RD |
Gresham Gold Souls batting - Pitching for San Jose Missions : RHP Mike Clay
|
Batting: RHB Jim Edgar
|
0-0: Ball 1-0: SINGLE (Line Drive, 6MD)
|
Batting: RHB Anthony Wells
|
0-0: Ball 1-0: Foul Ball, location: 2F 1-1: Ball 2-1: Ball 3-1: Foul Ball, location: 2F 3-2: 2-RUN HOME RUN (Line Drive, 7LD), Distance : 362 ft
|
Batting: RHB Elpidio Martinho
|
0-0: Foul Ball, location: 2F 0-1: Ground out 5-3 (Groundball, 56S)
|
Batting: LHB Bill Smith
|
0-0: Called Strike 0-1: Ball 1-1: Ball 2-1: DOUBLE (Line Drive, 89XD)
|
Batting: RHB Mario Méndez
|
0-0: Ball 1-0: SINGLE (Groundball, 56D) Bill Smith to third Runner from 3rd tries for Home, SAFE, throw made home
|
Batting: LHB Ezechiele Bruno
|
0-0: Ball 1-0: Ball 2-0: SINGLE (Groundball, 4MD) Mario Méndez to second
|
Batting: RHB Pablo Castillo
|
0-0: Ball 1-0: Foul Ball, location: 2F 1-1: SINGLE (Line Drive, 5D) Mario Méndez to third Ezechiele Bruno to second Runner from 3rd tries for Home, SAFE, no throw
|
Batting: LHB Millard Dye
|
0-0: Foul Ball, location: 2F 0-1: Swinging Strike 0-2: Ball 1-2: Strikes out swinging
|
Batting: RHB Willie Houk
|
0-0: Fly out, F8 (Flyball, 8RS)
|
Bottom of the 3rd over - 4 run(s), 6 hit(s), 0 error(s), 2 left on base; San Jose 0 - Gresham 4 |
TOP OF THE 4TH |
San Jose Missions batting - Pitching for Gresham Gold Souls : RHP José González
|
Batting: RHB Glenn Johnson
|
0-0: Called Strike 0-1: Called Strike 0-2: Fly out, F7 (Flyball, 78S)
|
Batting: RHB Jorge Díaz
|
0-0: Swinging Strike 0-1: Ground out 2-3 (Groundball, 2L)
|
Batting: RHB Dale Taylor
|
0-0: Called Strike 0-1: Ball 1-1: Ball 2-1: Foul Ball, location: 2F 2-2: Ball 3-2: Strikes out looking
|
Top of the 4th over - 0 run(s), 0 hit(s), 0 error(s), 0 left on base; San Jose 0 - Gresham 4 |
BOTTOM OF THE 4TH |
Gresham Gold Souls batting - Pitching for San Jose Missions : RHP Mike Clay
|
Batting: RHB Jim Edgar
|
0-0: SOLO HOME RUN (Flyball, 7D), Distance : 380 ft
|
Batting: RHB Anthony Wells
|
0-0: Called Strike 0-1: Ball 1-1: Foul Ball, location: 2F 1-2: Foul Ball, location: 2F 1-2: Ball 2-2: Fly out, F2 (Popup, 56S)
|
Batting: RHB Elpidio Martinho
|
0-0: Called Strike 0-1: Fly out, F9 (Flyball, 9LSF)
|
Batting: LHB Bill Smith
|
0-0: Foul Ball, location: 2F 0-1: Ball 1-1: Ball 2-1: Fly out, F8 (Flyball, 78M)
|
Bottom of the 4th over - 1 run(s), 1 hit(s), 0 error(s), 0 left on base; San Jose 0 - Gresham 5 |
TOP OF THE 5TH |
San Jose Missions batting - Pitching for Gresham Gold Souls : RHP José González
|
Batting: RHB Naomichi Aoki
|
0-0: Ball 1-0: Called Strike 1-1: Ball 2-1: Fly out, F8 (Line Drive, 8LM)
|
Batting: LHB Miguel Montés
|
0-0: Ball 1-0: Ball 2-0: Called Strike 2-1: Fly out, F8 (Flyball, 8LXD)
|
Batting: RHB Ed Starr
|
0-0: Called Strike 0-1: Ball 1-1: Swinging Strike 1-2: Ball 2-2: Hit by Pitch
|
Batting: RHB Irwin Duncan
|
0-0: Called Strike 0-1: Fielders Choice at 2nd, 6-4 (Groundball, 6)
|
Top of the 5th over - 0 run(s), 0 hit(s), 0 error(s), 0 left on base; San Jose 0 - Gresham 5 |
BOTTOM OF THE 5TH |
Gresham Gold Souls batting - Pitching for San Jose Missions : RHP Mike Clay
|
Batting: RHB Mario Méndez
|
0-0: Foul Ball, location: 2F 0-1: Foul Ball, location: 2F 0-2: Ball 1-2: Ground out 6-3 (Groundball, 6S)
|
Batting: LHB Ezechiele Bruno
|
0-0: Ball 1-0: Ball 2-0: Ground out 4-3 (Groundball, 4)
|
Batting: RHB Pablo Castillo
|
0-0: Foul Ball, location: 2F 0-1: Called Strike 0-2: Foul Ball, location: 2F 0-2: Ball 1-2: Ball 2-2: Ball 3-2: SINGLE (Groundball, 56D)
|
Batting: LHB Millard Dye
|
0-0: Ball 1-0: Fly out, F9 (Flyball, 89S)
|
Bottom of the 5th over - 0 run(s), 1 hit(s), 0 error(s), 1 left on base; San Jose 0 - Gresham 5 |
TOP OF THE 6TH |
San Jose Missions batting - Pitching for Gresham Gold Souls : RHP José González
|
Batting: RHB José Sánchez
|
0-0: Ball 1-0: SOLO HOME RUN (Flyball, 7D), Distance : 387 ft
|
Batting: RHB Miguel Mendoza
|
0-0: Ball 1-0: Ball 2-0: Fly out, F8 (Flyball, 89M)
|
Batting: RHB Glenn Johnson
|
0-0: Ball 1-0: Ball 2-0: Swinging Strike 2-1: Ground out 4-3 (Groundball, 34)
|
Batting: RHB Jorge Díaz
|
0-0: Ball 1-0: Ground out 5-3 (Groundball, 56S)
|
Top of the 6th over - 1 run(s), 1 hit(s), 0 error(s), 0 left on base; San Jose 1 - Gresham 5 |
BOTTOM OF THE 6TH |
Gresham Gold Souls batting - Pitching for San Jose Missions : RHP Mike Clay
|
Batting: RHB Willie Houk
|
0-0: Called Strike 0-1: Called Strike 0-2: Ball 1-2: Ball 2-2: Ball 3-2: Base on Balls
|
Batting: RHB Jim Edgar
|
0-0: Ball 1-0: Ball 2-0: Called Strike 2-1: Foul Ball, location: 2F 2-2: SINGLE (Groundball, 34) (infield hit) Willie Houk to second
|
Pitching: RHP Bill Long
|
|
Batting: RHB Anthony Wells
|
0-0: Called Strike 0-1: Foul Ball, location: 2F 0-2: Foul Ball, location: 2F 0-2: Foul Ball, location: 2F 0-2: Ground out 6-3 (Groundball, 6S) Willie Houk to third Jim Edgar to second
|
Batting: RHB Elpidio Martinho
|
0-0: Foul Ball, location: 2F 0-1: Foul Ball, location: 2F 0-2: Foul Ball, location: 2F 0-2: Strikes out swinging
|
Batting: LHB Bill Smith
|
0-0: Called Strike 0-1: Swinging Strike 0-2: SINGLE (Line Drive, 34) Willie Houk scores Jim Edgar to third Runner from 3rd tries for Home, SAFE, no throw
|
Batting: RHB Mario Méndez
|
0-0: Called Strike 0-1: Fly out, F6 (Line Drive, 6M)
|
Bottom of the 6th over - 2 run(s), 2 hit(s), 0 error(s), 1 left on base; San Jose 1 - Gresham 7 |
TOP OF THE 7TH |
San Jose Missions batting - Pitching for Gresham Gold Souls : RHP José González
|
Batting: RHB Dale Taylor
|
0-0: Ball 1-0: Swinging Strike 1-1: Called Strike 1-2: Strikes out swinging
|
Batting: RHB Naomichi Aoki
|
0-0: Ball 1-0: Ball 2-0: Ball 3-0: Called Strike 3-1: Base on Balls
|
Batting: LHB Miguel Montés
|
0-0: Ball 1-0: Swinging Strike 1-1: DOUBLE (Flyball, 89D) Naomichi Aoki to third Runner from 3rd tries for Home, SAFE, no throw
|
Batting: RHB Ed Starr
|
0-0: Ball 1-0: Ball 2-0: Ball 3-0: Base on Balls
|
Batting: RHB Irwin Duncan
|
0-0: Ball 1-0: Foul Ball, location: 2F 1-1: Foul Ball, location: 2F 1-2: Ball 2-2: Strikes out swinging
|
Batting: RHB José Sánchez
|
0-0: Foul Ball, location: 2F 0-1: Called Strike 0-2: Strikes out swinging
|
Top of the 7th over - 1 run(s), 1 hit(s), 0 error(s), 2 left on base; San Jose 2 - Gresham 7 |
BOTTOM OF THE 7TH |
Gresham Gold Souls batting - Pitching for San Jose Missions : RHP Bill Long
|
Batting: LHB Ezechiele Bruno
|
0-0: Ball 1-0: Foul Ball, location: 2F 1-1: Ball 2-1: Ball 3-1: Base on Balls
|
Batting: RHB Pablo Castillo
|
0-0: Foul Ball, location: 2F 0-1: Ball 1-1: Ball 2-1: Ball 3-1: Base on Balls Ezechiele Bruno to second
|
Batting: LHB Millard Dye
|
0-0: Called Strike 0-1: Called Strike 0-2: Ball 1-2: Fly out, F8 (Flyball, 8LS)
|
Batting: RHB Willie Houk
|
0-0: Ball 1-0: Called Strike 1-1: Ball 2-1: SINGLE (Line Drive, 6D) Ezechiele Bruno to third Pablo Castillo to second
|
Batting: RHB Jim Edgar
|
0-0: Ball 1-0: Foul Ball, location: 2F 1-1: Swinging Strike 1-2: Strikes out looking
|
Batting: RHB Anthony Wells
|
0-0: SINGLE (Line Drive, 9S) Ezechiele Bruno scores Pablo Castillo to third Willie Houk to second Runner from 3rd tries for Home, SAFE, no throw
|
Batting: RHB Elpidio Martinho
|
0-0: Fielders Choice at 2nd, 6-4 (Groundball, 6)
|
Bottom of the 7th over - 2 run(s), 2 hit(s), 0 error(s), 1 left on base; San Jose 2 - Gresham 9 |
TOP OF THE 8TH |
San Jose Missions batting - Pitching for Gresham Gold Souls : RHP José González
|
Pitching: RHP Taylor Bowen
|
|
Batting: RHB Miguel Mendoza
|
0-0: Ball 1-0: Called Strike 1-1: Ball 2-1: Foul Ball, location: 2F 2-2: Fly out, F7 (Flyball, 7)
|
Batting: RHB Glenn Johnson
|
0-0: Ball 1-0: Swinging Strike 1-1: Ball 2-1: Fly out, F7 (Line Drive, 7)
|
Batting: RHB Jorge Díaz
|
0-0: Swinging Strike 0-1: Ball 1-1: Foul Ball, location: 2F 1-2: Foul Ball, location: 2F 1-2: Ground out 6-3 (Groundball, 6D)
|
Top of the 8th over - 0 run(s), 0 hit(s), 0 error(s), 0 left on base; San Jose 2 - Gresham 9 |
BOTTOM OF THE 8TH |
Gresham Gold Souls batting - Pitching for San Jose Missions : RHP Bill Long
|
Batting: LHB Bill Smith
|
0-0: Called Strike 0-1: Foul Ball, location: 2F 0-2: Foul Ball, location: 2F 0-2: Strikes out swinging
|
Pitching: RHP Rafael Ressureio
|
|
Batting: RHB Mario Méndez
|
0-0: Ball 1-0: Swinging Strike 1-1: Ball 2-1: Called Strike 2-2: Ball 3-2: Base on Balls
|
Pitching: RHP Larry West
|
|
Batting: LHB Ezechiele Bruno
|
0-0: Called Strike 0-1: Ball 1-1: Called Strike 1-2: Ball 2-2: Fielders Choice at 2nd, 3-6 (Groundball, 34)
|
Batting: RHB Pablo Castillo
|
0-0: Foul Ball, location: 2F 0-1: Fly out, F8 (Flyball, 8LM)
|
Bottom of the 8th over - 0 run(s), 0 hit(s), 0 error(s), 1 left on base; San Jose 2 - Gresham 9 |
TOP OF THE 9TH |
San Jose Missions batting - Pitching for Gresham Gold Souls : RHP Taylor Bowen
|
Now at 1B: Matt Davidson
|
|
Batting: RHB Dale Taylor
|
0-0: Called Strike 0-1: Ball 1-1: Ball 2-1: Swinging Strike 2-2: Strikes out looking
|
Batting: RHB Naomichi Aoki
|
0-0: Ball 1-0: SINGLE (Flyball, 8RS)
|
Batting: LHB Miguel Montés
|
0-0: Swinging Strike 0-1: Foul Ball, location: 2F 0-2: Foul Ball, location: 2F 0-2: Ball 1-2: Ball 2-2: Ball 3-2: Fly out, F8 (Flyball, 8RS)
|
Batting: RHB Ed Starr
|
0-0: Swinging Strike 0-1: Ball 1-1: Called Strike 1-2: Ball 2-2: Ball 3-2: Foul Ball, location: 2F 3-2: Base on Balls Naomichi Aoki to second
|
Batting: RHB Irwin Duncan
|
0-0: Called Strike 0-1: Ball 1-1: Swinging Strike 1-2: Ball 2-2: Foul Ball, location: 2F 2-2: Strikes out swinging
|
Top of the 9th over - 0 run(s), 1 hit(s), 0 error(s), 2 left on base; San Jose 2 - Gresham 9 |
|